 Dungeon Crawl Stone Soup version 0.30-a0-860-g512cf1e979 (webtiles) character file.

Game seed: 11785128414315551701

37641 112233 the Thaumaturge (level 13, -14/92 HPs)
             Began as an Octopode Earth Elementalist on Mar 7, 2023.
             Was an Initiate of Gozag.
             Demolished by a skyshark (20 damage)
             ... on level 3 of the Lair of Beasts.
             The game lasted 00:47:27 (27513 turns).

112233 the Thaumaturge (OpEE)                      Turns: 27513, Time: 00:47:27

Health: -14/92     AC:  7    Str: 14    XL:     13   Next: 98%
Magic:  0/37       EV: 17    Int: 18    God:    Gozag
Gold:   3451       SH:  5    Dex: 13    Spells: 18/34 levels left

rFire   . . .      SeeInvis +    I - +5 dagger (drain)
rCold   . . .      Faith    .    r - +0 buckler
rNeg    . . .      Spirit   +    m - +2 hat of Weirdness {+Inv rElec Will++ Int-3}
rPois   +          Reflect  .    u - amulet of guardian spirit
rElec   +          Rampage  .    s - ring of magical power
rCorr   .                        A - ring of poison resistance
Will    ++...                    H - +6 ring of strength
Stlth   +++                      K - ring of see invisible
HPRegen 0.35/turn                c - +4 ring of protection
MPRegen 0.25/turn                (no ring)
                                 (no ring)
                                 (no ring)

@: very slightly contaminated
A: almost no armour, amphibious, 8 rings, camouflage 1, gelatinous body 1,
(nimble swimmer 1), tentacles
a: Renounce Religion, Evoke Invisibility, Potion Petition, Call Merchant, Bribe
Branch


You were on level 3 of the Lair of Beasts.
You worshipped Gozag.
Gozag was most pleased with you.
You visited 4 branches of the dungeon, and saw 20 of its levels.

You collected 5678 gold pieces.
You spent 70 gold pieces at shops.
You paid 2157 gold pieces to Gozag.

Inventory:

Hand Weapons
 E - a +5 spear of pain
 I - a +5 dagger of draining (weapon)
 S - the +7 battleaxe "Duogiu Isid" {heavy, Str+5}
   (You took it off an orc on level 10 of the Dungeon)

   Str:       It affects your strength (+5).
Missiles
 q - 5 throwing nets
Armour
 m - the +2 hat of Weirdness (worn) {+Inv rElec Will++ Int-3}
   (You found it on level 1 of the Lair of Beasts)

   Int:       It affects your intelligence (-3).
   rElec:     It insulates you from electricity.
   +Inv:      It lets you turn invisible.
   Will:      It greatly increases your willpower.
 r - a +0 buckler (worn)
 F - a +2 kite shield
Magical Staves
 h - a staff of air
 Q - a staff of cold
Jewellery
 c - a +4 ring of protection (on tentacle)
 f - a ring of ice
 s - a ring of magical power (left tentacle)
 u - an amulet of guardian spirit (around mantle)
 A - a ring of poison resistance (right tentacle)
 H - a +6 ring of strength (on tentacle)
 K - a ring of see invisible (on tentacle)
Wands
 w - a wand of mindburst (6)
 J - a wand of quicksilver (4)
 O - a wand of polymorph (9)
Scrolls
 b - a scroll of silence
 i - 2 scrolls of enchant weapon
 j - a scroll of brand weapon
 k - 4 scrolls of fear
 n - a scroll of poison
 p - 4 scrolls of immolation
 t - 2 scrolls of fog
 x - 5 scrolls of amnesia
 y - 5 scrolls of magic mapping
 G - 4 scrolls of vulnerability
 L - 4 scrolls of noise
 R - a scroll of enchant armour
Potions
 d - 6 potions of curing
 e - a potion of heal wounds
 g - 2 potions of mutation
 l - a potion of lignification {unknown}
 o - 6 potions of might
 v - 2 potions of brilliance
 B - 4 potions of haste
 C - 2 potions of flight
 D - 11 potions of ambrosia
 M - a potion of invisibility {unknown}
 N - a potion of attraction {unknown}
 P - a potion of cancellation {unknown}


   Skills:
 + Level 9.9 Fighting
 + Level 10.1 Dodging
 - Level 2.8 Stealth
 - Level 6.7 Shields
 + Level 11.1 Spellcasting
 + Level 10.0 Conjurations
 - Level 1.1 Transmutations
 + Level 10.4 Earth Magic


You had 18 spell levels left.
You knew the following spells:

 Your Spells              Type           Power      Damage    Failure   Level
a - Sandblast             Erth           94%        2d19      1%          1
b - Stone Arrow           Conj/Erth      92%        3d12      1%          3
c - Passwall              Tmut/Erth      25%        N/A       1%          2
d - Petrify               Tmut/Erth      30%        N/A       9%          4
e - Iron Shot             Conj/Erth      23%        9d5       21%         6

Your spell library contained the following spells:

 Spells                   Type           Power      Damage    Failure   Level
 Dazzling Flash           Conj/Hex       56%        N/A       3%          3
 Iskenderun's Mystic Bla  Conj/Tloc      28%        2d7       12%         4
 Ensorcelled Hibernation  Hex/Ice        20%        N/A       14%         2
 Lesser Beckoning         Tloc           20%        N/A       14%         2
 Sublimation of Blood     Necr           10%        N/A       14%         2
 Spider Form              Tmut/Pois      12%        N/A       22%         3
 Gell's Gravitas          Tloc           10%        N/A       26%         3
 Teleport Other           Tloc           10%        N/A       26%         3
 Irradiate                Conj/Tmut      15%        3d16      26%         5
 Anguish                  Hex/Necr       5%         N/A       65%         4
 Olgreb's Toxic Radiance  Pois           10%        N/A       65%         4
 Blade Hands              Tmut           7%         N/A       85%         5
 Starburst                Conj/Fire      14%        6d6       87%         6
 Ozocubu's Refrigeration  Ice            5%         4d8       100%        7
 Ignition                 Fire           5%         3d4       100%        8
 Animate Armour           Summ/Erth      Unusable   N/A       N/A         4

Dungeon Overview and Level Annotations

Branches:
Dungeon (13/15)            Temple (1/1) D:7            Lair (4/5) D:8
  Swamp (0/4) Lair:3       Spider (0/4) Lair:2          Orc (2/2) D:10
  Slime: Lair:4-5       Elf: Orc:2       Vaults: D:13-14

Altars:
Ashenzari
Cheibriados
Dithmenos
Fedhas
Gozag
Hepliaklqana
Nemelex Xobeh
Okawaru
Qazlal
Ru
Trog
Uskayaw
Vehumet
Xom
Yredelemnul
The Shining One

Shops:
D:4 [   D:9 ((   D:12 *

Annotations:
D:2 exclusion: downstairs
D:7 1 runed translucent door, exclusions: downstairs, upstairs and 1 more exclusion, Crazy Yiuf
D:8 2 transporters, Gastronok; What's ghost, novice DsNe
D:9 2 transporters, scienide's ghost, journeyman HOBe
D:10 exclusion: downstairs
D:12 exclusion: obsidian statue, Rupert
Orc:1 Saint Roka


Innate Abilities, Weirdness & Mutations

You cannot wear most types of armour.
You are amphibious.
You can wear up to eight rings at the same time.
Your skin changes colour to match your surroundings (Stealth+).
Your rubbery body absorbs attacks. (AC +1, EV +1)
((You are camouflaged when in or above water. (Stealth+)))
You have tentacles for arms and can constrict up to eight enemies at once.


Message History

The skyshark is almost dead.
The wolf closely misses you. The skyshark barely misses you.
You block the skyshark's attack. The skyshark closely misses you.
The wolf closely misses you.
Casting: Stone Arrow (safe; 1% risk of failure)
Confirm with . or Enter, or press ? or * to list all spells.
Aiming: Stone Arrow (safe; 1% risk of failure)
Press: ? - help, Shift-Dir - straight line, f/p - skyshark
Aim: a skyshark (almost dead, berserk, 82% to hit)
The stone arrow hits the skyshark!
The skyshark is almost dead.
You block the wolf's attack. x2; The skyshark bites you!
The skyshark tail-slaps you! The skyshark misses you. The wolf misses you.
The wolf bites you. The skyshark barely misses you.
You block the skyshark's attack. The skyshark completely misses you.
Casting: Stone Arrow (safe; 1% risk of failure)
Confirm with . or Enter, or press ? or * to list all spells.
Aiming: Stone Arrow (safe; 1% risk of failure)
Press: ? - help, Shift-Dir - straight line, f/p - skyshark
Aim: a skyshark (almost dead, berserk, 82% to hit)
You miscast Stone Arrow.
You are very lightly contaminated with residual magic.
Nothing appears to happen.
The wolf bites you but does no damage. x2
The skyshark bites you. The skyshark tail-slaps you!
* * * LOW HITPOINT WARNING * * *
The skyshark tail-slaps you!
* * * LOW HITPOINT WARNING * * *
The wolf completely misses you. The wolf closely misses you.
Unknown command.
Okay, then.
You feel much better. The skyshark barely misses you.
The skyshark tail-slaps you!
* * * LOW HITPOINT WARNING * * *
The skyshark tail-slaps you.
* * * LOW HITPOINT WARNING * * *
The wolf misses you. The wolf bites you.
* * * LOW HITPOINT WARNING * * *
The skyshark bites you!!
You die...
Your body crumbles into a pile of gold.

#......# ##.........
##.....## #.........
#|.....# #.....l.<.
###....# #...#...##
#...######...#####
#...###.##.....###
###................
##h............... #
#@lh.............. #
##h............... #
#....########.P..
##.....# ##.. ######
####.....###
###..#.######P..#....#.#
.......................#
.......................#
.......................#


You could see a skyshark (berserk) and 3 wolves.

Vanquished Creatures
  An ettin (D:10)
  A rakshasa (D:10)
  Harold (Lair:1)
  Erolcha (D:9)
  2 centaur warriors
  A boulder beetle (Lair:1)
  8 two-headed ogres
  An orc high priest (Orc:2)
  Nergalle (D:11)
  3 skysharks
  Pikel (D:7)
  An orc knight (Orc:1)
  A manticore (D:12)
  A cyclops (D:12)
  An ugly thing (D:12)
  An orc sorcerer (Orc:2)
  3 elephants (Lair:1)
  2 black mambas
  Maurice (D:8)
  A torpor snail (Lair:2)
  An unseen horror (D:10)
  A gargoyle (D:10)
  Psyche (D:12)
  3 cane toads
  2 kobold demonologists (D:9)
  3 rime drakes
  4 komodo dragons
  A meliai (Lair:2)
  3 trolls
  A queen bee (Lair:2)
  A hornet (D:8)
  5 blink frogs (Lair:1)
  3 wyverns
  2 shadows (D:10)
  A spriggan (D:7)
  2 vampires
  35 yaks
  A basilisk (D:13)
  A golden eye (shapeshifter) (D:13)
  2 vampire mosquitoes (D:12)
  Menkaure (D:7)
  2 wargs (Orc:2)
  8 water moccasins
  4 acid dragons
  3 sky beasts
  A swamp drake (Lair:3)
  13 orc warriors
  3 black bears
  2 ogres (Orc:1)
  2 phantoms
  3 wolves (Lair:2)
  5 centaurs
  A lemure (D:6)
  4 kobold brigands (D:9)
  Blork the orc (Orc:1)
  12 bullfrogs
  3 gnoll sergeants
  4 scorpions
  A troll zombie (D:10)
  25 killer bees (Lair:2)
  2 electric eels (D:10)
  A vampire bat (D:6)
  3 jellies
  A gnoll bouda (D:8)
  2 hounds
  3 orc priests
  6 iguanas
  11 orc wizards
  7 ogre zombies (D:10)
  20 gnolls
  5 adders
  A shadow imp (D:5)
  A white imp (D:4)
  4 ufetubi
  A worm (D:3)
  5 dart slugs
  53 orcs
  4 endoplasms
  4 giant cockroaches
  11 goblins
  8 hobgoblins
  4 jackals (D:3)
  10 kobolds
  4 quokkas
  8 ball pythons
  11 bats
  6 frilled lizards
  A goblin skeleton (D:10)
  3 goblin zombies (D:10)
  A hobgoblin skeleton (D:10)
  2 hobgoblin zombies (D:10)
  4 orc skeletons (D:10)
  14 orc zombies (D:10)
  4 rats
429 creatures vanquished.

Vanquished Creatures (others)
  A chaos spawn (D:12)
  A large abomination (D:12)
  2 white imps (D:12)
  An ufetubus (D:12)
  22 fungi
  42 plants
69 creatures vanquished.

Grand Total: 498 creatures vanquished

Notes
Turn   | Place    | Note
-------+----------+-------------------------------------------
     0 | D:1      | 112233 the Octopode Earth Elementalist began the quest for
                  | the Orb.
     0 | D:1      | Reached XP level 1. HP: 11/11 MP: 3/3
   125 | D:1      | Reached XP level 2. HP: 17/17 MP: 0/5
   707 | D:1      | Reached skill level 3 in Spellcasting
   803 | D:1      | Reached XP level 3. HP: 21/21 MP: 4/7
   963 | D:1      | Learned a level 3 spell: Stone Arrow
   966 | D:1      | Learned a level 2 spell: Passwall
  1463 | D:2      | Reached XP level 4. HP: 27/27 MP: 5/9
  1797 | D:2      | Reached skill level 4 in Spellcasting
  2217 | D:3      | Reached XP level 5. HP: 29/31 MP: 8/11
  2277 | D:3      | Found a sparkling altar of Nemelex Xobeh.
  2278 | D:3      | Found an opulent altar of Gozag.
  2279 | D:3      | Found an iron altar of Okawaru.
  2290 | D:3      | Became a worshipper of Gozag Ym Sagoz the Greedy
  3192 | D:3      | Reached skill level 5 in Spellcasting
  3438 | D:5      | Entered Level 5 of the Dungeon
  3600 | D:6      | Found a stormy altar of Qazlal.
  3697 | D:5      | Reached XP level 6. HP: 19/36 MP: 11/14
  3833 | D:5      | Reached skill level 6 in Spellcasting
  4649 | D:4      | Found Necwyuc's Antique Armour Shop.
  4767 | D:5      | Reached XP level 7. HP: 42/42 MP: 16/16
  4841 | D:5      | Reached skill level 1 in Shields
  4915 | D:5      | Found a glowing golden altar of the Shining One.
  4942 | D:5      | Reached skill level 1 in Fighting
  5061 | D:5      | Reached skill level 1 in Conjurations
  5892 | D:6      | Learned a level 4 spell: Petrify
  5992 | D:6      | Found a bloodstained altar of Trog.
  5992 | D:6      | Noticed Pikel
  6337 | D:7      | Found a staircase to the Ecumenical Temple.
  6342 | D:7      | Reached XP level 8. HP: 50/50 MP: 17/17
  6419 | D:8      | Found a transporter.
  6421 | D:8      | Noticed a gargoyle
  6424 | D:8      | Noticed What's ghost (novice DsNe)
  6477 | Temple   | Entered the Ecumenical Temple
  6867 | D:7      | Noticed a cyclops
  6867 | D:7      | Noticed a komodo dragon
  6979 | D:7      | Killed Pikel
  6980 | D:7      | Reached skill level 7 in Spellcasting
  7679 | D:6      | Reached XP level 9. HP: 57/57 MP: 19/19
  8065 | D:7      | Noticed Menkaure
  8070 | D:7      | Killed Menkaure
  8245 | D:7      | Found a runed translucent door.
  8246 | D:7      | Noticed Crazy Yiuf
  8348 | D:7      | Found a hazy altar of Hepliaklqana.
  8351 | D:7      | Found a faded altar of an unknown god.
  8594 | D:8      | Reached skill level 5 in Earth Magic
  8594 | D:8      | Noticed a two-headed ogre
  8606 | D:8      | Killed a two-headed ogre
  8995 | D:8      | Found a staircase to the Lair.
  9031 | D:8      | Found a transporter.
  9033 | D:8      | Noticed Maurice
  9041 | D:8      | Killed Maurice
  9042 | D:8      | Reached skill level 5 in Dodging
  9042 | D:8      | Reached XP level 10. HP: 53/65 MP: 6/21
  9053 | D:8      | Reached skill level 5 in Shields
  9204 | D:8      | Reached skill level 5 in Conjurations
  9474 | D:8      | Found a broken altar of Ashenzari.
  9530 | D:8      | Reached skill level 5 in Fighting
  9636 | D:8      | Reached skill level 8 in Spellcasting
  9639 | D:8      | Noticed Gastronok
  9656 | D:9      | HP: 3/66 [centaur/arrow (12)]
 10502 | D:9      | Noticed a kobold demonologist
 10591 | D:9      | Found Tacriwk's Weapon Emporium.
 10761 | D:9      | Killed a kobold demonologist
 11173 | D:9      | Noticed scienide's ghost (journeyman HOBe)
 11175 | D:9      | Found a transporter.
 11206 | D:9      | Found a transporter.
 11216 | D:9      | Noticed a two-headed ogre
 11226 | D:9      | Killed a two-headed ogre
 11369 | D:9      | Noticed a two-headed ogre
 11369 | D:9      | Noticed a two-headed ogre
 11379 | D:9      | Killed a two-headed ogre
 11380 | D:9      | Reached XP level 11. HP: 58/72 MP: 11/23
 11384 | D:9      | Killed a two-headed ogre
 11746 | D:9      | Found Ishiloj's Weapon Boutique.
 11787 | D:9      | Noticed Erolcha
 11826 | D:9      | Killed Erolcha
 11907 | D:9      | Noticed a two-headed ogre
 11910 | D:9      | Killed a two-headed ogre
 12151 | D:10     | Entered Level 10 of the Dungeon
 13076 | D:9      | Learned a level 6 spell: Iron Shot
 13252 | D:10     | Reached skill level 9 in Spellcasting
 13515 | D:10     | Noticed a centaur warrior
 13824 | D:11     | Noticed Nergalle
 13863 | D:10     | Found a staircase to the Orcish Mines.
 14041 | D:10     | Noticed a rakshasa
 14177 | Orc:1    | Entered Level 1 of the Orcish Mines
 14433 | Orc:1    | Noticed an orc knight
 14685 | D:10     | Killed a centaur warrior
 14716 | D:10     | Identified the +7 battleaxe "Duogiu Isid" {heavy, Str+5}
 15021 | Lair:1   | Entered Level 1 of the Lair of Beasts
 15235 | Lair:1   | Identified the +2 hat of Weirdness {+Inv rElec Will++
                  | Int-3}
 15370 | Lair:1   | Reached XP level 12. HP: 72/81 MP: 19/25
 15880 | Lair:1   | Noticed Harold
 15911 | Lair:1   | Killed Harold
 15931 | Lair:1   | Noticed a boulder beetle
 16293 | Lair:1   | Killed a boulder beetle
 18093 | Lair:2   | Reached skill level 10 in Spellcasting
 18407 | Lair:2   | Noticed a skyshark
 18407 | Lair:2   | Noticed a skyshark
 18610 | D:10     | Killed a rakshasa
 20082 | D:11     | Noticed a two-headed ogre
 20096 | D:11     | Reached XP level 13. HP: 80/89 MP: 2/27
 20521 | D:11     | Killed Nergalle
 21448 | D:12     | Noticed Psyche
 21454 | D:12     | Killed Psyche
 21865 | D:12     | Found Xaonugav's Assorted Antiques.
 21868 | D:12     | Bought a scroll of identify for 70 gold pieces
 21868 | D:12     | Identified a scroll of acquirement
 21871 | D:12     | Acquired 767 gold pieces
 22467 | D:12     | Noticed Rupert
 23038 | Orc:1    | Noticed an ettin
 23052 | D:10     | Killed an ettin
 23215 | Orc:1    | Noticed Blork the orc
 23221 | Orc:1    | Killed Blork the orc
 23998 | Orc:2    | Entered Level 2 of the Orcish Mines
 24086 | Orc:2    | Noticed Saint Roka
 24111 | Orc:1    | You fall into a shaft and drop 1 floor!
 24257 | Orc:2    | Reached skill level 10 in Earth Magic
 25761 | Lair:2   | Reached skill level 11 in Spellcasting
 26140 | Lair:2   | Found a hole to the Spider Nest.
 26456 | Lair:3   | Found a staircase to the Swamp.
 26468 | Lair:3   | Reached skill level 10 in Dodging
 26472 | Lair:3   | Acquired 632 gold pieces
 26586 | Lair:3   | Found a stormy altar of Qazlal.
 27276 | Lair:4   | Reached skill level 10 in Conjurations
 27512 | Lair:3   | HP: 4/92 [skyshark (10)]
 27513 | Lair:3   | Demolished by a skyshark

Illustrated notes

Levels and vault maps discovered:
D:1:      nicolae_arrival_somewhat_less_tricky_arrival, layout_loops_ring
D:2:      layout_basic, minmay_pentomino_u4
D:3:      layout_loops_ring, minitemple, serial_bayou_lagoon_b
D:4:      layout_basic, serial_shops, nicolae_lakefront_shop
D:5:      layout_basic, mainiacjoe_overflow_alcove_1, minmay_puff
D:6:      layout_rooms, mainiacjoe_overflow_catwalk_spiral, roderic_batcave,
          minmay_misc_feat_x, uniq_pikel
D:7:      layout_rooms, beargit_hepliaklqana_dungeon_heroes,
          minmay_temple_entry_stoned_glass, hangedman_decor_lopped,
          hangedman_abyss_or_decor_slice, minmay_manual_maat,
          uniq_crazy_yiuf_cottage, uniq_menkaure
D:8:      layout_basic, mainiacjoe_overflow_tiny_flanked,
          grunt_lair_entry_orc_guard_hut, gammafunk_ghost_arena, uniq_maurice,
          uniq_gastronok
D:9:      layout_rooms, serial_shops, nicolae_shop_bloodbath_and_beyond,
          gammafunk_ghost_arena, minmay_misc_feat_roman,
          minmay_shop_grid_forest, kennysheep_flooded_box,
          kennysheep_generic_room_13, uniq_erolcha
D:10:     layout_basic, zombieorc2_lemuel, chequers_big_river, minmay_bent
D:11:     layout_layer_cave, uniq_nergalle
D:12:     layout_basic, serial_shops, shop, hangedman_devilish_allure,
          uniq_psyche, uniq_fannar, uniq_rupert
D:13:     layout_roguey, grunt_vaults_entry_fortified, uniq_nessos
Temple:   nicolae_temple_ecumenical_triangle
Lair:1:   layout_cave_shapes, uniq_harold
Lair:2:   layout_layer_cave, hellmonk_spider_entry_not_the_bees, special_room
          [special_room_bee], lemuel_fruit_fields
Lair:3:   layout_cellular_growth, minmay_swamp_entry_reptiles, basic_altar,
          serial_bayou_shore_a, grunt_megastairs_2, infiniplex_staircase_pool,
          serial_bayou_shore_b
Lair:4:   layout_small_grid, slime_entry_1, enter_volcano_4
Orc:1:    layout_diamond_mine, basic_altar, sword_in_stone
Orc:2:    st_orc_town, layout_caves, uniq_saint_roka

Skill      XL: |  1  2  3  4  5  6  7  8  9 10 11 12 13 |
---------------+----------------------------------------+-----
Spellcasting   | 3 4 5 6 7 8 9 10 11 | 11.1
Shields        | 2 3 4 6 |  6.7
Fighting       | 2 3 4 6 7 8 9 |  9.9
Conjurations   | 2 3 4 6 7 8 10 | 10.0
Dodging        | 3 5 6 7 8 10 | 10.1
Earth Magic    | 4 5 7 8 9 10 | 10.4
Stealth        | |  2.8
Transmutations | |  1.1

Action                     |  1- 3 |  4- 6 |  7- 9 | 10-12 | 13-15 || total
---------------------------+-------+-------+-------+-------+-------++-------
  Melee: Unarmed           |     4 |       |       |       |       ||     4
         Tentacles         |     1 |     4 |       |     8 |     5 ||    18
         Constrict         |     1 |     1 |     1 |     1 |       ||     4
         Staff             |     4 |     7 |     1 |       |       ||    12
         Dagger            |       |       |       |    23 |    14 ||    37
   Cast: Sandblast         |    51 |   118 |    16 |    30 |     2 ||   217
         Stone Arrow       |       |     4 |   108 |   374 |   215 ||   701
         Petrify           |       |       |     1 |     5 |       ||     6
         Iron Shot         |       |       |       |       |    10 ||    10
 Invoke: Potion Petition   |       |       |       |     2 |     3 ||     5
  Evoke: Wand              |       |     1 |     6 |    20 |    18 ||    45
    Use: Scroll            |       |     1 |       |    14 |    16 ||    31
         Potion            |       |     2 |     1 |     1 |     1 ||     5
   Stab: Petrified         |       |       |       |     7 |       ||     7
 Armour: Skin              |       |     4 |     6 |    18 |    13 ||    41
  Dodge: Dodged            |    19 |    62 |    44 |   101 |    85 ||   311
  Block: Buckler           |       |       |       |    14 |    21 ||    35

Table legend: (Time is in decaauts)
 A = Elapsed time spent in this place.
 B = Non-inter-level travel time spent in this place.
 C = Inter-level travel time spent in this place.
 D = Time resting spent in this place.
 E = Time spent auto-exploring this place.
 F = Levels seen in this place.
 G = Mean time per level.
                   A        B        C        D        E       F      G
               +--------+--------+--------+--------+--------+-----+--------+
         Total |  27621 |  25969 |   1652 |   7294 |  15254 |  20 | 1381.1 |
       Dungeon |  20375 |  19176 |   1199 |   5502 |  11189 |  13 | 1567.3 |
        Temple |    243 |    243 |      0 |    223 |      0 |   1 |  243.0 |
          Lair |   5559 |   5257 |    302 |   1335 |   3295 |   4 | 1389.8 |
  Orcish Mines |   1441 |   1291 |    150 |    233 |    770 |   2 |  720.5 |
               +--------+--------+--------+--------+--------+-----+--------+

Top non-repeatable levels by time:
    D:10: 3446 daAuts
  Lair:1: 2683 daAuts
     D:9: 2463 daAuts
     D:8: 2357 daAuts
    D:11: 1787 daAuts
     D:5: 1749 daAuts
  Lair:2: 1558 daAuts
     D:3: 1393 daAuts
     D:6: 1376 daAuts
    D:12: 1338 daAuts
     D:7: 1238 daAuts
   Orc:1: 1100 daAuts
  Lair:3: 1046 daAuts
     D:1: 997 daAuts
     D:2: 902 daAuts
